 Dungeon Crawl Stone Soup version 0.15-b1-93-gfe3f9bc (console) character file.

216 YouriMargarine the Fey Human (level 6, -6/46 HPs)
             Began as a Human Death Knight on Aug 19, 2014.
             Was a Believer of Yredelemnul.
             Mangled by an ogre
             ... wielding a +0 giant spiked club
              (24 damage)
             ... on Level 4 of the Dungeon on Aug 20, 2014.
             The game lasted 01:13:51 (4504 turns).

YouriMargarine the Fey Human (Human Death Knight)   Turns: 4504, Time: 01:13:51

HP  -6/46        AC  9     Str 15      XL: 6   Next: 16%
MP  11/11        EV  6     Int 11      God: Yredelemnul [**....]
Gold 138         SH  0     Dex 13      Spells:  0 memorised,  5 levels left

rFire  . . .     SeeInvis .     a - +1 spear
rCold  . . .     Clarity  .     t - +0 chain mail
rNeg   . . .     rCorr    .     (no shield)
rPois  .         rRot     .     (no helmet)
rElec  .         Spirit   .     (no cloak)
SustAb .         Warding  .     O - +0 pair of gloves
rMut   .         Stasis   .     (no boots)
Gourm  .                        (no amulet)
MR     .....                    (no ring)
                                (no ring)

@: not resistant to hostile enchantments, extremely unstealthy
A: no striking features
a: Animate Remains, Recall Undead Slaves, Injury Mirror, Renounce Religion


You were on level 4 of the Dungeon.
You worshipped Yredelemnul.
Yredelemnul was pleased with you.
You were not hungry.

You visited 1 branch of the dungeon, and saw 4 of its levels.

You collected 138 gold pieces.

Inventory:

Hand weapons
 a - a +1 spear (weapon)
 e - a +0 dagger
 j - a +0 club
 k - a +0 club
 o - a +0 dagger
 q - a +0 club
 u - a +0 club
 D - a +0 spear
 E - a +0 cutlass
 K - a +0 hand axe of electrocution
Missiles
 i - 17 stones (quivered)
 l - 25 sling bullets
 n - 24 arrows
 B - 29 poisoned needles
 L - 9 poisoned arrows
Armour
 b - a +0 leather armour
 f - a +0 ring mail
 p - a +0 ring mail
 t - a +0 chain mail (worn)
 y - a cursed +0 robe
 C - a +0 ring mail
 N - a +0 leather armour
 O - a +0 pair of gloves (worn)
Comestibles
 c - 2 bread rations
 g - 2 beef jerkies
 P - a slice of pizza
Scrolls
 h - 2 scrolls of enchant armour {unknown}
 s - a scroll of amnesia {unknown}
 v - 2 scrolls of remove curse {unknown}
 w - a scroll of random uselessness {unknown}
 x - 2 scrolls of teleportation {unknown}
 F - 2 scrolls of fog {unknown}
 G - a scroll of enchant weapon {unknown}
 I - a scroll of identify {unknown}
 J - 2 scrolls of magic mapping {unknown}
 M - a scroll of noise {unknown}
Jewellery
 A - an uncursed ring of invisibility {unknown}
Potions
 d - a potion of decay {unknown}
 m - a potion of magic {unknown}
 r - 2 potions of agility {unknown}
 z - 2 potions of cancellation {unknown}
 H - a potion of might {unknown}
 Q - a potion of restore abilities {unknown}


   Skills:
 + Level 2.6 Fighting
 + Level 3.1 Polearms
 + Level 0.4 Throwing
 + Level 2.3 Armour
 + Level 2.1 Dodging
 + Level 0.9 Stealth
 + Level 4.6 Invocations


You had 5 spell levels left.
You didn't know any spells.

Dungeon Overview and Level Annotations

Branches:
Dungeon (4/15)
 Temple: D:4-7

Altars:
Trog
Xom
Zin


Message History

There is an open door here.
You swap places.
You swap places.
You open the door.
An ogre comes into view. It is wielding a giant spiked club.
The ogre shouts!
There is an open door here.
The ogre hits you with a giant spiked club!
Your adder zombie closely misses the ogre.
Your adder zombie bites the ogre.
You hit the ogre but do no damage.
The ogre is lightly wounded.
The ogre hits you with a giant spiked club!
Your adder zombie bites the ogre.
You hit the ogre.
The ogre is heavily wounded.
The ogre hits you with a giant spiked club!!
Ouch! That really hurt!
You die...
Your body rises from the dead as a mindless zombie.

###+###+##....
######+###....# +....
#.............# #....
+.............+ #....
#.............# #....
#...##'####..####+#....
#####.Z...#..##.....#+#
#.ZZ..#Z..#.....#..
#.O...#...+.....#..
#.@...+...#.....+..
#.....#...#.....#..
########'##.....#..
#.....#.....#..
#.....#.....#..
#.....#.....#..
#.....'.....+..
#.....#....<#..
#######.....### #######


You could see an ogre, a friendly iguana zombie, a friendly adder zombie and a
friendly ogre zombie.

Vanquished Creatures
  An ogre (D:4)
  3 adders
  A worm (D:2)
  5 orcs (D:3)
  3 ball pythons (D:2)
  8 bats
  6 giant cockroaches
  10 goblins
  6 hobgoblins
  2 jackals (D:2)
  A quokka (D:2)
  4 giant newts
  6 kobolds
  6 rats
62 creatures vanquished.

Vanquished Creatures (collateral kills)
  An iguana (D:4)
  An adder (D:4)
  An orc (D:3)
  2 bats
  A giant cockroach (D:2)
  3 hobgoblins
  2 giant newts (D:3)
  A giant newt skeleton (D:4)
  3 goblins
  A kobold (D:1)
  An orc skeleton (D:4)
  5 rats
22 creatures vanquished.

Vanquished Creatures (others)
  A bat zombie (D:3)
  2 giant cockroach zombies (D:2)
  A giant newt zombie (D:2)
  A goblin zombie (D:3)
  A hobgoblin zombie (D:3)
  2 kobold zombies
  A rat zombie (D:1)
9 creatures vanquished.

Grand Total: 93 creatures vanquished

Notes
Turn   | Place    | Note
--------------------------------------------------------------
     0 | D:1      | YouriMargarine, the Human Death Knight, began the quest for the Orb.
     0 | D:1      | Reached XP level 1. HP: 16/16 MP: 2/2
   542 | D:1      | Reached XP level 2. HP: 22/22 MP: 3/3
  1222 | D:1      | Reached XP level 3. HP: 24/27 MP: 5/5
  1679 | D:2      | Found a glowing silver altar of Zin.
  2101 | D:2      | Reached XP level 4. HP: 33/33 MP: 7/7
  2190 | D:2      | Reached skill level 4 in Invocations
  2234 | D:2      | Acquired Yredelemnul's second power
  2403 | D:2      | Found a shimmering altar of Xom.
  3511 | D:3      | Reached XP level 5. HP: 34/39 MP: 9/9
  4024 | D:4      | Noticed an ogre
  4038 | D:4      | Killed an ogre
  4038 | D:4      | Reached XP level 6. HP: 11/46 MP: 11/11
  4275 | D:4      | Found a bloodstained altar of Trog.
  4460 | D:4      | Upgraded the game from 0.15-b1-92-ge76d556 to 0.15-b1-93-gfe3f9bc
  4497 | D:4      | Noticed an ogre
  4504 | D:4      | Mangled by an ogre

Action                   |  1- 3 |  4- 6 || total
-------------------------+-------+-------++-------
Melee: Spear             |   131 |   126 ||   257
Throw: Stone             |     7 |    24 ||    31
Invok: Animate Remains   |    14 |    23 ||    37
       Recall Undead Sla |       |     3 ||     3
       Injury Mirror     |       |     3 ||     3
  Eat: Fruit             |     4 |       ||     4
       Bread ration      |     1 |     1 ||     2
       Meat ration       |       |     1 ||     1
